 Dungeon Crawl Stone Soup version 0.30.1 (webtiles) character file.

Game seed: 159634178195109125

1467 shmup the Firebug (level 8, -5/46 HPs)
             Began as a Tengu Fire Elementalist on July 11, 2023.
             Was a Believer of Nemelex Xobeh.
             Engulfed by a steam dragon's steam (11 damage)
             ... on level 7 of the Dungeon.
             The game lasted 00:31:46 (7822 turns).

shmup the Firebug (Tengu Fire Elementalist)         Turns: 7822, Time: 00:31:47

Health: -5/46      AC:  2    Str: 15    XL:     8   Next: 77%
Magic:  9/15       EV: 16    Int: 18    God:    Nemelex Xobeh [**....]
Gold:   359        SH:  0    Dex: 14    Spells: 9/15 levels left

rFire   . . .        d - +0 dagger
rCold   . . .        (no shield)
rNeg    + . .        D - +0 robe {Will+}
rPois   .            (helmet restricted)
rElec   .            C - scarf {+Inv}
rCorr   .            (no gloves)
SInv    .            (boots unavailable)
Will    +....        (no amulet)
Stlth   +++          n - +6 ring of strength
HPRegen 0.27/turn    r - ring of positive energy
MPRegen 0.14/turn

%: no passive effects
@: flying quickly and evasively, quick
A: beak, talons 3, nimble flight
a: Renounce Religion, Evoke Invisibility, Draw Escape, Draw Destruction, Draw
Summoning


You were on level 7 of the Dungeon.
You worshipped Nemelex Xobeh.
Nemelex Xobeh was pleased with you.
You visited 2 branches of the dungeon, and saw 8 of its levels.
You also visited: Ossuary.

You collected 359 gold pieces.

Inventory:

Hand Weapons
 a - a +0 dagger
 d - a +0 dagger (weapon)
Missiles
 c - 4 boomerangs
 j - 17 stones (quivered)
 q - 12 poisoned darts
Armour
 C - a scarf of invisibility (worn)
 D - a +0 robe of willpower (worn)
Magical Staves
 K - a staff of conjuration
Jewellery
 n - a +6 ring of strength (left hand)
 r - a ring of positive energy (right hand)
Wands
 u - a wand of polymorph (8)
 A - a wand of paralysis (16)
Scrolls
 e - a scroll of torment {unknown}
 h - 2 scrolls of enchant armour {unknown}
 i - a scroll of immolation
 k - a scroll of magic mapping {unknown}
 l - a scroll of blinking {unknown}
 p - 2 scrolls of poison {unknown}
 v - a scroll of vulnerability {unknown}
 y - a scroll of enchant weapon {unknown}
 z - 2 scrolls of amnesia {unknown}
 B - a scroll of noise {unknown}
 E - a scroll of fear {unknown}
 H - a scroll of teleportation {unknown}
 J - a scroll of identify
Potions
 b - 2 potions of magic
 f - 2 potions of lignification
 g - 5 potions of curing
 m - 2 potions of haste
 o - a potion of resistance
 s - 3 potions of heal wounds
 t - 4 potions of might
 w - a potion of attraction
 x - 2 potions of degeneration
 F - 2 potions of mutation
 G - 2 potions of brilliance
 I - 2 potions of ambrosia


   Skills:
 - Level 3.0 Fighting
 + Level 5.0 Dodging
 + Level 4.8 Stealth
 + Level 4.1 Spellcasting
 + Level 5.3 Conjurations
 * Level 7.1 Fire Magic


You had 9 spell levels left.
You knew the following spells:

 Your Spells              Type           Power      Damage    Failure   Level
a - Foxfire               Conj/Fire      100%       2x1d9     1%          1
b - Scorch                Fire           58%        2d7       1%          2
c - Magic Dart            Conj           92%        1d7       1%          1
d - Searing Ray           Conj           46%        2d6       2%          2

Your spell library contained the following spells:

 Spells                   Type           Power      Damage    Failure   Level
 Inner Flame              Hex/Fire       16%        N/A       10%         3
 Volatile Blastmotes      Fire/Tloc      32%        2d12      10%         3
 Flame Wave               Conj/Fire      26%        2d8       11%         4
 Ensorcelled Hibernation  Hex/Ice        6%         N/A       22%         2
 Passwall                 Tmut/Erth      2%         N/A       22%         2
 Swiftness                Air            3%         N/A       41%         3
 Fulminant Prism          Conj/Hex       6%         3d6       43%         4
 Summon Ice Beast         Ice/Summ       3%         N/A       82%         4
 Summon Mana Viper        Hex/Summ       3%         N/A       99%         5
 Monstrous Menagerie      Summ           1%         N/A       100%        7


Dungeon Overview and Level Annotations

Branches:
Dungeon (7/15)             Temple (1/1) D:5         Ossuary (visited)

Altars:
Ashenzari
Dithmenos
Elyvilon
Fedhas
Gozag
Kikubaaqudgha
Makhleb
Nemelex Xobeh
Okawaru
Qazlal
Ru
Sif Muna
Trog
Vehumet
Xom
The Shining One

Shops:
D:4 *   D:6 :

Annotations:
D:3 3 runed translucent doors, salammoniac's ghost, amateur DsEE
D:4 Grinder
D:5 2 runed translucent doors, Crazy Yiuf; Prince Ribbit


Innate Abilities, Weirdness & Mutations

You have a beak for a mouth.
You have claws for feet.
Your magical nature lets you fly swiftly and evasively.


Message History

You conjure some foxfire!
The foxfire hits the steam dragon.
The steam dragon is lightly wounded.
The foxfire hits the steam dragon.
The steam dragon is moderately wounded.
Casting: Foxfire (safe; 1% risk of failure)
Confirm with . or Enter, or press ? or * to list all spells.
You conjure some foxfire!
The foxfire hits the steam dragon but does no damage.
The steam dragon is moderately wounded.
The foxfire hits the steam dragon.
The steam dragon is heavily wounded.
The steam dragon breathes steam at you. The ball of steam hits you!
Casting: Foxfire (safe; 1% risk of failure)
Confirm with . or Enter, or press ? or * to list all spells.
Flames lash the steam dragon.
The steam dragon is heavily wounded.
The steam dragon's fire resistance burns away.
You are engulfed in a cloud of scalding steam.
* * * LOW HITPOINT WARNING * * *
Casting: Scorch (safe; 1% risk of failure)
Confirm with . or Enter, or press ? or * to list all spells.
Flames lash the steam dragon.
The steam dragon is burned terribly!
The steam dragon is severely wounded.
You are engulfed in a cloud of scalding steam.
* * * LOW HITPOINT WARNING * * *
The steam dragon bites you but does no damage.
The steam dragon claws you.
* * * LOW HITPOINT WARNING * * *
Unknown command.
Casting: Scorch (safe; 1% risk of failure)
Confirm with . or Enter, or press ? or * to list all spells.
You conjure some foxfire!
The steam dragon breathes steam at you. The ball of steam hits you!
* * * LOW HITPOINT WARNING * * *
You are engulfed in a cloud of scalding steam.
You die...
Your body glows slightly and disappears.

▒▒ .▒▒ ▒.▒.▒.▒▒▒▒▒.▒▒▒ .▒▒▒▒▒
... ▒.......<.....▒ ..▒▒$$▒▒▒..
▒.▒▒▒.▒▒)...▒.▒
%▒▒▒$$$$▒▒..▒..##).....<▒.▒
..▒▒▒$$$.▒▒.▒..▒#..▒▒▒..▒.▒
.▒..▒!$..$▒[..▒▒...▒....▒.▒
D.▒.▒▒$..$▒.▒...#..▒.▒.▒▒.▒
.▒▒..▒▒$....▒...#.▒▒.▒.▒▒.▒▒▒▒.▒
.[▒...▒▒▒...▒.▒.Qv▒▒.▒.▒........
.▒▒▒.......▒▒.▒.Dv▒▒.▒.▒.▒▒▒▒▒▒▒
▒▒▒▒▒▒▒.▒▒▒▒▒.▒...▒▒.▒........▒▒
..▒ .▒▒.▒ ▒h▒...▒...........▒▒
▒.▒▒. ▒..▒ ▒.▒...▒▒..▒▒'▒▒..▒▒▒
▒)▒.▒▒▒▒▒.▒ ▒.▒....▒..▒...▒..▒.▒
▒D▒..▒.▒▒..▒▒......▒▒.▒._.▒.▒▒.▒
▒..▒▒..▒.▒▒...▒.....▒▒▒...▒▒▒..▒
▒h▒▒.▒▒..▒..▒.▒▒......▒▒▒▒▒....▒


You could see a steam dragon (catching breath, combustible, ally target).

Vanquished Creatures
  A black bear (D:7)
  2 centaurs
  A phantom (D:5)
  An elf zombie (Ossuary)
  2 bullfrogs
  2 howler monkeys
  A crimson imp (D:5)
  4 centaur zombies (Ossuary)
  5 hounds
  2 orc priests (D:3)
  2 orc wizards (D:3)
  Ijyb (D:3)
  A sleepcap (D:6)
  2 iguanas (D:7)
  An ogre zombie (Ossuary)
  7 mummies (Ossuary)
  5 gnolls
  5 adders
  2 white imps (D:6)
  5 adder zombies (Ossuary)
  A worm (D:2)
  17 orcs
  10 ball pythons
  8 endoplasms
  4 giant cockroaches
  4 goblins
  6 hobgoblins
  4 quokkas
  6 bats
  5 frilled lizards
  3 goblin zombies
  3 hobgoblin zombies (Ossuary)
  7 kobolds
  2 kobold zombies (Ossuary)
  6 quokka zombies (Ossuary)
  5 rats
  7 rat zombies
150 creatures vanquished.

Vanquished Creatures (others)
  273 foxfires
273 creatures vanquished.

Grand Total: 423 creatures vanquished

Notes
Turn   | Place    | Note
-------+----------+-------------------------------------------
     0 | D:1      | shmup the Tengu Fire Elementalist began the quest for the
                  | Orb.
     0 | D:1      | Reached XP level 1. HP: 10/10 MP: 4/4
   116 | D:1      | Reached XP level 2. HP: 15/15 MP: 0/6
   402 | D:1      | Found a faded altar of an unknown god.
   732 | D:1      | Reached XP level 3. HP: 9/19 MP: 2/7
   792 | D:1      | Learned a level 2 spell: Scorch
  1397 | D:2      | Learned a level 1 spell: Magic Dart
  1400 | D:2      | Learned a level 2 spell: Searing Ray
  1462 | D:2      | Reached skill level 4 in Fire Magic
  1784 | D:3      | Reached XP level 4. HP: 24/24 MP: 5/8
  2030 | D:3      | Gained mutation: Your magical nature lets you fly swiftly
                  | and evasively. [Tengu growth]
  2030 | D:3      | Reached XP level 5. HP: 27/28 MP: 0/9
  2144 | D:3      | Reached skill level 1 in Fighting
  2272 | D:3      | Found an ancient bone altar of Kikubaaqudgha.
  2804 | D:3      | Found a runed translucent gate.
  2804 | D:3      | Found a runed translucent gate.
  2809 | D:3      | Found a runed translucent gate.
  2809 | D:3      | Identified the +1 dagger of the Feather {heavy, rF++ Int-4
                  | SInv}
  2810 | D:3      | Noticed salammoniac's ghost (amateur DsEE)
  2967 | D:3      | Noticed Ijyb
  2972 | D:3      | Killed Ijyb
  2973 | D:3      | Reached XP level 6. HP: 29/34 MP: 2/11
  3708 | D:4      | Found Xadetim's General Store.
  3810 | D:4      | Identified the +0 scale mail of Noon {Harm Rampage Will+
                  | Dex-5}
  4095 | D:4      | Noticed Grinder
  4115 | D:5      | Entered Level 5 of the Dungeon
  4145 | D:5      | Found a runed translucent door.
  4145 | D:5      | Noticed a water moccasin
  4205 | D:5      | Noticed Prince Ribbit
  4238 | D:4      | Reached skill level 5 in Fire Magic
  4270 | D:5      | Found a staircase to the Ecumenical Temple.
  4279 | Temple   | Entered the Ecumenical Temple
  4414 | Temple   | Became a worshipper of Nemelex Xobeh the Trickster
  4557 | D:5      | Found a burning altar of Makhleb.
  4558 | D:5      | Found a radiant altar of Vehumet.
  4730 | D:5      | Found a runed translucent door.
  4731 | D:5      | Noticed Crazy Yiuf
  4855 | D:5      | Reached * piety under Nemelex Xobeh
  4954 | D:5      | Reached XP level 7. HP: 35/39 MP: 2/12
  5091 | D:6      | Found a sand-covered staircase.
  5164 | Ossuary  | Entered an ossuary
  5312 | Ossuary  | Received a gift from Nemelex Xobeh
  5818 | Ossuary  | Reached skill level 6 in Fire Magic
  5962 | Ossuary  | Reached XP level 8. HP: 34/45 MP: 14/14
  6998 | D:6      | Found Keoge's Vocational Training.
  7274 | D:7      | Reached ** piety under Nemelex Xobeh
  7281 | D:7      | Found a broken altar of Ashenzari.
  7333 | D:7      | Reached skill level 5 in Conjurations
  7449 | D:7      | Noticed a vampire
  7449 | D:7      | Noticed a slime creature
  7498 | D:7      | Reached skill level 5 in Dodging
  7498 | D:7      | Reached skill level 7 in Fire Magic
  7822 | D:7      | Engulfed by a steam dragon's steam

Illustrated notes

Levels and vault maps discovered:
D:1:      lightli_arrival_boilingwater, layout_basic,
          ebering_ecumenical_altar_hall
D:2:      layout_loops_ring
D:3:      layout_rooms, mainiacjoe_overflow_24_doors,
          biasface_ghost_orc_armoury, minmay_misc_feat_rugged,
          nicolae_elevator_lobby_plus, uniq_ijyb
D:4:      layout_basic, serial_shops, shop, nrook_uturn, uniq_grinder
D:5:      layout_gridville, grunt_temple_overflow_lords_of_destruction,
          minmay_temple_entry_glass, ebering_ghost_sewer_d, st_stairs_1,
          uniq_prince_ribbit1, uniq_crazy_yiuf_cottage
D:6:      layout_loops_cross, enter_ossuary_4, moated_statue, eino_curves_03,
          nicolae_shop_vocational
D:7:      layout_basic, eat_drink_and_be_merry_uskayaw,
          nicolae_ashenzari_skybound, eino_tiny_chamber, minmay_the_grid_2x2
          [minmay_the_grid_all_tris, minmay_the_grid_dragon_a,
          minmay_the_grid_minigrid_small_alt,
          minmay_the_grid_prize_shrinking_boxes]
Temple:   hc_temple_tempest_star

Skill      XL: |  1  2  3  4  5  6  7  8 |
---------------+-------------------------+-----
Conjurations   | 2 3 4 5 |  5.3
Fire Magic     | 4 5 6 7 |  7.1
Dodging        | 3 4 5 |  5.0
Fighting       | 1 2 3 |  3.0
Stealth        | 3 4 |  4.8
Spellcasting   | 3 4 |  4.1

Action                     |  1- 3 |  4- 6 |  7- 9 || total
---------------------------+-------+-------+-------++-------
  Melee: Unarmed           |     4 |       |       ||     4
         Kick              |     5 |    18 |    44 ||    67
         Peck              |     5 |    13 |    24 ||    42
         Dagger            |    17 |    47 |   103 ||   167
         Punch             |       |       |     2 ||     2
   Cast: Foxfire           |    47 |    36 |    67 ||   150
         Magic Dart        |     6 |    21 |     4 ||    31
         Scorch            |     3 |    42 |    37 ||    82
    Use: Scroll            |       |     8 |     4 ||    12
         Potion            |       |       |     1 ||     1
   Stab: Sleeping          |     1 |       |     7 ||     8
 Armour: Robe              |    17 |     4 |    18 ||    39
  Dodge: Dodged            |    45 |    57 |   145 ||   247
